 Dungeon Crawl Stone Soup version 0.20.1-1-g8b1a95d (webtiles) character file.

557 slep the Skirmisher (level 7, -25/56 HPs)
             Began as a Demonspawn Chaos Knight on Oct 23, 2017.
             Annihilated by an orc warrior
             ... wielding a +0 battleaxe
              (32 damage)
             ... on level 5 of the Dungeon.
             The game lasted 00:24:13 (4006 turns).

slep the Skirmisher (Demonspawn Chaos Knight)       Turns: 4006, Time: 00:24:14

Health: -25/56     AC: 10    Str: 12 (14) XL:     7   Next: 9%
Magic:  7/7        EV: 11    Int: 10 (13) God:    Xom [..*...]
Gold:   239        SH:  3    Dex: 12 (16) Spells: 6/6 levels left

rFire    . . .     SeeInvis .   a - +0 falchion (chaos)
rCold    . . .     Gourm    .   p - +0 buckler
rNeg     . . .     Faith    .   b - +2 leather armour
rPois    +         Spirit   .   (helmet restricted)
rElec    .         Reflect  .   (no cloak)
rCorr    .         Harm     .   j - +1 pair of gloves {Dex+3}
MR       .....                  (boots unavailable)
Stlth    ++........             z - amulet of inaccuracy (curse)
Regen    0.2/turn               x - ring of poison resistance
MPRegen  0.1/turn               (no ring)

@: no status effects
A: horns 1, talons 3, molten scales 2, blurry vision 1, deterioration 1, powered
by death 1
a: Renounce Religion


You were on level 5 of the Dungeon.
You worshipped Xom.
You were a toy of Xom.
You were not hungry.

You visited 2 branches of the dungeon, and saw 7 of its levels.

You collected 239 gold pieces.

Inventory:

Hand Weapons
 a - a +0 falchion of chaos (weapon)
 r - a +2 morningstar of freezing
Missiles
 B - 5 tomahawks (quivered)
Armour
 b - a +2 leather armour (worn)
 j - a +1 pair of gloves of dexterity (worn)
 p - a +0 buckler (worn)
 q - a +0 helmet
 t - a +0 pair of gloves
Jewellery
 x - a ring of poison resistance (left hand)
 z - a cursed amulet of inaccuracy (around neck)
Wands
 d - a wand of flame (9/48)
Scrolls
 e - a scroll of amnesia {unknown}
 f - 6 scrolls of identify {unknown}
 i - 3 scrolls of blinking {unknown}
 n - 4 scrolls of magic mapping {unknown}
 o - a scroll of remove curse {unknown}
 v - 2 scrolls of recharging {unknown}
 y - a scroll of enchant weapon {unknown}
 A - a scroll of fog {unknown}
 C - a scroll of teleportation {unknown}
 D - 2 scrolls of immolation {unknown}
Potions
 g - a potion of resistance
 h - 5 potions of curing
 k - a potion of might {unknown}
 m - a potion of agility {unknown}
 s - a potion of flight {unknown}
 u - a potion of magic
Comestibles
 c - 6 bread rations
 l - 9 fruits
 w - 4 meat rations
 E - a chunk of flesh


   Skills:
 + Level 5.1 Fighting
 + Level 5.1 Long Blades
 + Level 2.8 Armour
 + Level 1.7 Dodging
 + Level 1.8 Stealth
 + Level 1.0 Shields


You had 6 spell levels left.
You didn't know any spells.

Dungeon Overview and Level Annotations

Branches:
Dungeon (6/15)             Temple (1/1) D:5

Altars:
Ashenzari
Cheibriados
Dithmenos
Elyvilon
Fedhas
Gozag
Hepliaklqana
Kikubaaqudgha
Makhleb
Ru
Sif Muna
Trog
Uskayaw
Vehumet
Xom
Yredelemnul
Zin


Innate Abilities, Weirdness & Mutations

You have claws for feet.
You are mostly covered in molten scales. (AC +3)
You regenerate a little health from kills.
You have a pair of small horns on your head.
Scrolls take you a little longer to read.
Your body sometimes deteriorates upon taking damage.


Message History

The orc hits you with a mace.
* * * LOW HITPOINT WARNING * * *
There is an open door here.
You slash the orc!
You kill the orc!
You hit the orc warrior but do no damage.
Space bends around the orc warrior.
Your headbutt misses the orc warrior.
The orc warrior is moderately wounded.
The orc warrior hits you with a battleaxe!
* * * LOW HITPOINT WARNING * * *
You hit the orc warrior but do no damage.
The orc warrior goes berserk!
The orc warrior is moderately wounded.
You block the orc warrior's attack.
You miss the orc warrior.
The orc warrior is moderately wounded.
The orc warrior hits you with a battleaxe!!
Ouch! That really hurt!
You die...
Xom thinks this is hilarious!

..............#
..............#
#'#...........#
..#...........#
..+.....#####.#
..#.....'.....######
###.....#....##....#
..#.....#....#.....#
..#.....#....#..@..#
..+.....#....###o###
..#.....#....##....#
..#.....#........>.#
..#.....#..........#
..#.....#..........#
'##.....#..........#
..#.....#....##....#
..#.....#....##....#


You could see an orc warrior (berserk).

Vanquished Creatures
  Sigmund (D:2)
  A phantom (D:5)
  An orc priest (D:5)
  A jelly (D:5)
  2 hounds (D:4)
  An iguana (D:4)
  An orc wizard (D:5)
  A worker ant (D:4)
  A hound skeleton (D:5)
  3 adders
  3 worms (D:2)
  A leopard gecko (D:4)
  4 orcs
  A ball python (D:3)
  5 bats
  5 giant cockroaches
  4 goblins
  8 hobgoblins
  7 jackals
  7 kobolds
  2 quokkas (D:4)
  3 frilled lizards
  A jackal skeleton (D:5)
  A leopard gecko skeleton (D:4)
  A quokka skeleton (D:5)
  7 rats
73 creatures vanquished.

Notes
Turn   | Place    | Note
-------+----------+-------------------------------------------
     0 | D:1      | slep the Demonspawn Chaos Knight began the quest for the Orb.
     0 | D:1      | Reached XP level 1. HP: 18/18 MP: 1/1
    57 | D:1      | XOM: harmless Air miscast
   127 | D:1      | XOM: harmless Air miscast
   137 | D:1      | XOM: divination: detect creatures
   139 | D:1      | Gained mutation: You regenerate a little health from kills. [demonic ancestry]
   139 | D:1      | Reached XP level 2. HP: 19/24 MP: 2/2
   217 | D:1      | Reached skill level 1 in Dodging
   282 | D:1      | XOM: mild Necr miscast
   406 | D:2      | Noticed Sigmund
   416 | D:2      | Killed Sigmund
   416 | D:2      | Gained mutation: You have sharp toenails. [demonic ancestry]
   416 | D:2      | Reached XP level 3. HP: 9/31 MP: 3/3
   416 | D:2      | Gained mutation: You have razor-sharp toenails. [demonic ancestry]
   416 | D:2      | Reached XP level 4. HP: 11/38 MP: 4/4
   416 | D:2      | Gained mutation: You are partially covered in molten scales. (AC +2) [demonic ancestry]
   416 | D:2      | Reached XP level 5. HP: 13/43 MP: 5/5
  1524 | D:3      | XOM: give mutations
  1524 | D:3      | Gained mutation: You occasionally shout uncontrollably at your foes. [Xom's mischief]
  1524 | D:3      | Gained mutation: Your flesh is cold resistant. (rC+) [Xom's mischief]
  1524 | D:3      | Lost mutation: Your flesh is cold resistant. (rC+) [Xom's mischief]
  1524 | D:3      | Gained mutation: Your magical capacity is low. (-10% MP) [Xom's mischief]
  2176 | D:4      | Reached skill level 1 in Stealth
  2327 | D:4      | Reached XP level 6. HP: 28/50 MP: 5/5
  2544 | D:4      | Found a bloodstained altar of Trog.
  2701 | D:5      | Entered Level 5 of the Dungeon
  2704 | D:5      | Lost mutation: Your magical capacity is low. (-10% MP) [potion of mutation]
  2704 | D:5      | Lost mutation: You occasionally shout uncontrollably at your foes. [potion of mutation]
  2704 | D:5      | Gained mutation: Your body sometimes deteriorates upon taking damage. [potion of mutation]
  2704 | D:5      | Gained mutation: You have a pair of small horns on your head. [potion of mutation]
  2704 | D:5      | Gained mutation: Scrolls take you a little longer to read. [potion of mutation]
  2704 | D:5      | Gained mutation: You have claws for feet. [potion of mutation]
  2738 | D:5      | XOM: mild Summ miscast
  2838 | D:5      | Found a staircase to the Ecumenical Temple.
  2867 | Temple   | Entered the Ecumenical Temple
  2910 | Temple   | XOM: harmless Tloc miscast
  3179 | D:5      | XOM: noise
  3237 | D:5      | Reached skill level 5 in Fighting
  3418 | D:5      | XOM: enchant monster (bad)
  3452 | D:5      | XOM: harmless Air miscast
  3458 | D:5      | HP: 2/51 [phantom (2)]
  3463 | D:5      | Reached skill level 5 in Long Blades
  3463 | D:5      | Reached skill level 1 in Shields
  3597 | D:5      | Gained mutation: You are mostly covered in molten scales. (AC +3) [demonic ancestry]
  3597 | D:5      | Reached XP level 7. HP: 18/56 MP: 7/7
  4006 | D:5      | Annihilated by an orc warrior

Skill      XL: |  1  2  3  4  5  6 |
---------------+-------------------+-----
Dodging        | 1 |  1.7
Fighting       | 4 5 |  5.1
Long Blades    | 4 5 |  5.1
Armour         | 2 |  2.8
Stealth        | 1 |  1.8
Shields        | 1 |  1.0

Action                   |  1- 3 |  4- 6 |  7- 9 || total
-------------------------+-------+-------+-------++-------
Melee: Falchion          |    43 |   226 |    28 ||   297
       Kick              |       |    50 |     6 ||    56
       Headbutt          |       |     6 |     4 ||    10
  Use: Potion            |     3 |     7 |       ||    10
 Stab: Paralysed         |     2 |     2 |       ||     4
       Sleeping          |       |     4 |       ||     4
  Eat: Chunk             |       |     7 |     1 ||     8
       Royal jelly       |       |     1 |       ||     1
Armor: Leather armour    |    12 |    99 |     9 ||   120
Dodge: Dodged            |    23 |   113 |     8 ||   144
Block: Buckler           |       |    40 |     3 ||    43
       Rpst.: Falchion   |     6 |    39 |     4 ||    49
